 Dungeon Crawl Stone Soup version 0.29.1-2-gbd0b4ee654 (webtiles) character file.

Game seed: 18252133666584223948

92 Lutefisk the Prestidigitator (level 4, -13/32 HPs)
             Began as a Gnoll Wanderer on Oct 29, 2022.
             Killed by divine providence
             ... invoked by an orc priest
              (14 damage)
             ... on level 4 of the Dungeon.
             The game lasted 00:07:16 (1598 turns).

Lutefisk the Prestidigitator (Gnoll Wanderer)       Turns: 1598, Time: 00:07:16

Health: -13/32     AC: 10    Str:  9    XL:     4   Next: 60%
Magic:  15/15      EV: 11    Int: 12    God:
Gold:   191        SH:  0    Dex: 15    Spells: 18/21 levels left

rFire   . . .      SeeInvis .   n - +2 spear (venom)
rCold   + . .      Faith    .   (no shield)
rNeg    . . .      Spirit   .   k - +0 ring mail
rPois   .          Reflect  .   (no helmet)
rElec   .          Harm     .   (no cloak)
rCorr   .          Rampage  .   o - +0 pair of gloves
Will    .....                   (no boots)
Stlth   +.........              (no amulet)
HPRegen 0.10/turn               j - +4 ring of protection
MPRegen 0.14/turn               r - ring of protection from cold

@: no status effects
A: fangs 1, strong nose, distributed training
a: no special abilities


You were on level 4 of the Dungeon.
You visited 1 branch of the dungeon, and saw 4 of its levels.

You collected 191 gold pieces.

Inventory:

Hand Weapons
 n - a +2 spear of venom (weapon)
 q - a +2 dagger of distortion
Missiles
 l - 4 poisoned darts
Armour
 c - a +0 robe
 k - a +0 ring mail (worn)
 o - a +0 pair of gloves (worn)
Jewellery
 j - a +4 ring of protection (left hand)
 r - a ring of protection from cold (right hand)
 w - a ring of protection from cold
Wands
 d - a wand of flame (13)
Scrolls
 a - a scroll of magic mapping {unknown}
 f - a scroll of blinking {unknown}
 g - a scroll of enchant armour {unknown}
 h - a scroll of butterflies {unknown}
 i - 2 scrolls of enchant weapon {unknown}
 m - 2 scrolls of identify {unknown}
 s - a scroll of amnesia {unknown}
 t - 2 scrolls of teleportation {unknown}
 u - a scroll of brand weapon {unknown}
 x - a scroll of vulnerability {unknown}
Potions
 b - 2 potions of attraction
 e - a potion of degeneration {unknown}
 p - a potion of curing {unknown}
 v - a potion of flight {unknown}
 z - 2 potions of heal wounds {unknown}


   Skills:
 + Level 1.2 Fighting
 + Level 1.2 Short Blades
 + Level 1.2 Long Blades
 + Level 1.2 Axes
 + Level 1.2 Maces & Flails
 + Level 1.2 Polearms
 + Level 1.2 Staves
 + Level 1.2 Ranged Weapons
 + Level 1.2 Throwing
 + Level 1.2 Armour
 + Level 2.8 Dodging
 + Level 1.2 Stealth
 + Level 1.2 Shields
 + Level 1.2 Unarmed Combat
 + Level 9.3 Spellcasting
 + Level 1.0 Conjurations
 + Level 1.0 Hexes
 + Level 1.0 Summonings
 + Level 1.0 Necromancy
 + Level 1.0 Translocations
 + Level 1.0 Transmutations
 + Level 1.0 Fire Magic
 + Level 1.0 Ice Magic
 + Level 1.0 Air Magic
 + Level 1.0 Earth Magic
 + Level 1.0 Poison Magic
 + Level 1.3 Invocations
 + Level 10.5 Evocations


You had 18 spell levels left.
You knew the following spells:

 Your Spells              Type           Power      Damage    Failure   Level
a - Sandblast             Erth           16%        2d6       24%         1
b - Passwall              Tmut/Erth      6%         N/A       34%         2

Your spell library contained the following spells:

 Spells                   Type           Power      Damage    Failure   Level
 Sting                    Tmut/Pois      32%        1d4       24%         1
 Blink                    Tloc           16%        N/A       34%         2
 Ensorcelled Hibernation  Hex/Ice        16%        N/A       34%         2
 Poisonous Vapours        Pois/Air       16%        N/A       34%         2
 Lesser Beckoning         Tloc           8%         N/A       56%         3
 Stone Arrow              Conj/Erth      16%        3d8       56%         3
 Swiftness                Air            8%         N/A       56%         3
 Olgreb's Toxic Radiance  Pois           8%         N/A       93%         4
 Manifold Assault         Tloc           8%         N/A       100%        5


Dungeon Overview and Level Annotations

Branches:
Dungeon (4/15)
 Temple: D:4-7

Altars:
The Shining One


Innate Abilities, Weirdness & Mutations

You have very sharp teeth.
Your uncanny sense of smell can sniff out nearby items.
Your experience applies equally to all skills.


Message History

An orc comes into view. It is wielding a +0 falchion.
The orc shouts!
You hear a shout! x2
An orc priest comes into view. It is wielding a +0 whip.
Found 25 gold pieces.
The orc priest shouts!
An orc priest comes into view. It is wielding a +0 hand axe.
Found a stone staircase leading down.
Casting: Sandblast (safe; 24% risk of failure)
Confirm with . or Enter, or press ? or * to list all spells.
Okay, then.
Found 9 gold pieces.
Found an escape hatch in the floor.
Found a stone staircase leading up.
A kobold comes into view.
It is wielding a +0 short sword and quivering poisoned darts.
The kobold shouts!
The kobold throws a poisoned dart.
The poisoned dart hits you!
You are poisoned.
You feel sick.
Found 9 gold pieces.
You feel sick.
You feel sick.
The kobold hits you with a +0 short sword.
You feel sick. The kobold closely misses you.
Found a dagger.
Found a stone staircase leading down.
You feel sick.
You see here 9 gold pieces.
The orc priest attacks as you move away!
The orc priest closely misses you. The kobold attacks as you move away!
The kobold hits you with a +0 short sword.
You feel sick.
The kobold throws a poisoned dart.
The poisoned dart barely misses you.
You feel sick.
The kobold throws a poisoned dart.
The poisoned dart closely misses you.
The orc priest mumbles some strange prayers to Beogh against you.
Beogh smites you!
* * * LOW HITPOINT WARNING * * *
There is a stone staircase leading down here.
* * * LOW HITPOINT WARNING * * *
You feel sick.
You are no longer poisoned.
The orc priest calls down the wrath of Beogh upon you.
Beogh smites you!
You die...

#............#..
...................#....
##......................
##.†..:................
∆∆#.#....o...........)..
#.#.#..###......$.....
∆#.#.#...$.............
#.....###..........>..
##[..#..###o.oo.@.......
..(.##.##....K$.........
.#........####.....#....
............#####..# ###
##....$...>$# .##
#...........# ##
#..##.#.###...< #.#
#.#.. ##... .. #.##. ...


You could see 2 orc priests, an orc and a kobold.

Vanquished Creatures
  4 adders
  An ufetubus (D:4)
  A worm (D:4)
  3 dart slugs
  2 ball pythons
  3 bats
  3 endoplasms (D:2)
  A giant cockroach (D:1)
  5 goblins
  5 hobgoblins
  3 jackals (D:1)
  4 kobolds
  2 quokkas (D:1)
  A frilled lizard (D:1)
  4 rats
42 creatures vanquished.

Notes
Turn   | Place    | Note
-------+----------+-------------------------------------------
     0 | D:1      | Reached skill level 10 in Evocations
     0 | D:1      | Lutefisk the Gnoll Wanderer began the quest for the Orb.
     0 | D:1      | Lutefisk set off with the following items: a +0 dagger, 2
                  | potions of attraction, a +0 robe, a wand of flame (16); and
                  | the following spell memorised: Sandblast; and the following
                  | spells available to memorise: Stone Arrow.
     0 | D:1      | Reached XP level 1. HP: 13/13 MP: 10/10
   338 | D:1      | Reached XP level 2. HP: 5/19 MP: 12/12
   681 | D:1      | Found a faded altar of an unknown god.
   951 | D:2      | Reached XP level 3. HP: 17/25 MP: 11/13
  1091 | D:2      | Reached skill level 1 in Invocations
  1134 | D:2      | Reached skill level 1 in Fighting
  1134 | D:2      | Reached skill level 1 in Short Blades
  1134 | D:2      | Reached skill level 1 in Long Blades
  1134 | D:2      | Reached skill level 1 in Axes
  1134 | D:2      | Reached skill level 1 in Maces & Flails
  1134 | D:2      | Reached skill level 1 in Polearms
  1134 | D:2      | Reached skill level 1 in Staves
  1134 | D:2      | Reached skill level 1 in Ranged Weapons
  1134 | D:2      | Reached skill level 1 in Throwing
  1134 | D:2      | Reached skill level 1 in Armour
  1134 | D:2      | Reached skill level 1 in Stealth
  1134 | D:2      | Reached skill level 1 in Shields
  1134 | D:2      | Reached skill level 1 in Unarmed Combat
  1275 | D:3      | Found a glowing golden altar of the Shining One.
  1376 | D:3      | Learned a level 2 spell: Passwall
  1398 | D:3      | Reached XP level 4. HP: 32/32 MP: 15/15
  1532 | D:4      | Reached skill level 1 in Conjurations
  1532 | D:4      | Reached skill level 1 in Hexes
  1532 | D:4      | Reached skill level 1 in Summonings
  1532 | D:4      | Reached skill level 1 in Necromancy
  1532 | D:4      | Reached skill level 1 in Translocations
  1532 | D:4      | Reached skill level 1 in Transmutations
  1532 | D:4      | Reached skill level 1 in Fire Magic
  1532 | D:4      | Reached skill level 1 in Ice Magic
  1532 | D:4      | Reached skill level 1 in Air Magic
  1532 | D:4      | Reached skill level 1 in Earth Magic
  1532 | D:4      | Reached skill level 1 in Poison Magic
  1598 | D:4      | HP: 1/32 [poisoned by a kobold]
  1598 | D:4      | Killed from afar by an orc priest

Illustrated notes

Levels and vault maps discovered:
D:1:      dpeg_arrival_triangle_fractal, layout_basic,
          shapermc_ecumenical_altar_ellora
D:2:      layout_basic
D:3:      layout_basic, tso_altar, mainiacjoe_overflow_brackets,
          serial_park_tiny_1
D:4:      layout_rooms, kennysheep_little_box, serial_shops,
          nicolae_square_shop, nicolae_take_the_stairs, hangedman_decor_push,
          minmay_fire_ice_demons

Skill      XL: |  1  2  3  4 |
---------------+-------------+-----
Spellcasting   | |  9.3
Evocations     | | 10.5
Invocations    | 1 |  1.3
Fighting       | 1 |  1.2
Short Blades   | 1 |  1.2
Long Blades    | 1 |  1.2
Axes           | 1 |  1.2
Maces & Flails | 1 |  1.2
Polearms       | 1 |  1.2
Staves         | 1 |  1.2
Ranged Weapons | 1 |  1.2
Throwing       | 1 |  1.2
Armour         | 1 |  1.2
Stealth        | 1 |  1.2
Shields        | 1 |  1.2
Unarmed Combat | 1 |  1.2
Conjurations   | 1 |  1.0
Hexes          | 1 |  1.0
Summonings     | 1 |  1.0
Necromancy     | 1 |  1.0
Translocations | 1 |  1.0
Transmutations | 1 |  1.0
Fire Magic     | 1 |  1.0
Ice Magic      | 1 |  1.0
Air Magic      | 1 |  1.0
Earth Magic    | 1 |  1.0
Poison Magic   | 1 |  1.0
Dodging        | |  2.8

Action                   |  1- 3 |  4- 6 || total
-------------------------+-------+-------++-------
Melee: Flail             |    32 |       ||    32
       Dagger            |    60 |       ||    60
       Bite              |     5 |     1 ||     6
       Spear             |    20 |    32 ||    52
       Punch             |       |     1 ||     1
 Cast: Sandblast         |     8 |     1 ||     9
       Passwall          |     1 |       ||     1
Evoke: Wand              |     3 |       ||     3
Armor: Robe              |    12 |       ||    12
       Ring mail         |    37 |    15 ||    52
Dodge: Dodged            |    65 |    27 ||    92
